 Dungeon Crawl Stone Soup version 0.21.1-1-g345015fe64 (webtiles) character file.

19 Kohma the Stinger (level 2, 0/19 HPs)
             Began as a Demonspawn Venom Mage on June 20, 2018.
             Succumbed to an adder's poison
             ... on level 2 of the Dungeon.
             The game lasted 00:03:07 (1340 turns).

Kohma the Stinger (Demonspawn Venom Mage)           Turns: 1340, Time: 00:03:08

Health: 0/19       AC:  3    Str:  8    XL:     2   Next: 55%
Magic:  2/5        EV: 12    Int: 16    God:
Gold:   59         SH:  0    Dex: 13    Spells: 4/5 levels left

rFire    . . .     SeeInvis .   k - +2 whip (venom)
rCold    . . .     Gourm    .   (no shield)
rNeg     . . .     Faith    .   d - +0 robe
rPois    .         Spirit   .   c - +0 helmet
rElec    .         Reflect  .   (no cloak)
rCorr    .         Harm     .   (no gloves)
MR       .....                  (no boots)
Stlth    ++........             (no amulet)
HPRegen  0.06/turn              (no ring)
MPRegen  0.09/turn              (no ring)

@: lethally poisoned (0 -> -8)
A: rot immunity
a: no special abilities


You were on level 2 of the Dungeon.
You were not hungry.

You visited 1 branch of the dungeon, and saw 2 of its levels.

You collected 59 gold pieces.

Inventory:

Hand Weapons
 a - a +0 dagger
 b - a +0 hunting sling
 k - a +2 whip of venom (weapon)
Missiles
 e - 21 bolts
 i - 7 poisoned javelins (quivered)
Armour
 c - a +0 helmet (worn)
 d - a +0 robe (worn)
Scrolls
 f - 2 scrolls of remove curse {unknown}
 j - a scroll of fog {unknown}
 m - a scroll of magic mapping {unknown}
 n - a scroll of identify {unknown}
Potions
 l - a potion of curing {unknown}
Books
 g - a Young Poisoner's Handbook

   Spells                             Type                      Level
   a - Sting                          Conjuration/Poison           1
   b - Poisonous Vapours              Poison/Air                   2
   c - Mephitic Cloud                 Conjuration/Poison/Air       3
   d - Olgreb's Toxic Radiance        Poison                       4
   e - Venom Bolt                     Conjuration/Poison           5
Comestibles
 h - a chunk of flesh
 o - a ration


   Skills:
 - Level 1.9 Dodging
 - Level 1.9 Stealth
 + Level 2.2 Spellcasting
 + Level 1.4 Conjurations
 * Level 3.3 Poison Magic


You had 4 spell levels left.
You knew the following spells:

 Your Spells              Type           Power        Failure   Level  Hunger
a - Sting                 Conj/Pois      #...         8%          1    #......


Dungeon Overview and Level Annotations

Branches:
Dungeon (2/15)

Altars:


Innate Abilities, Weirdness & Mutations

You are immune to rotting.


Message History

You barely miss the adder.
The adder is lightly wounded.
You feel sick. The adder barely misses you.
You hit the adder.
The adder is moderately wounded.
You feel sick. The adder bites you but does no damage. The adder bites you.
You barely miss the adder.
The adder is moderately wounded.
The adder misses you.
You feel sick. The adder misses you. The adder barely misses you.
You feel sick. The adder barely misses you.
You feel sick. The adder closely misses you.
You feel sick. The adder closely misses you.
Your magical contamination has completely faded away.
The adder bites you.
* * * LOW HITPOINT WARNING * * *
You are more poisoned.
The adder poisons you!
You die...

#.## #####........# ...#
#.####.....#####..# #####...###
....##.....# #..#####).........
#.#.##.....# #..........[......
#.#.##.....# #...............(.
#.#.##.....#####.......##.#...#.
#........#.............##.#...#
#..<####.#........S....##.#...#.#
....####.#...)..@......##.......#
#.....##.#.............##..#.##.#
##.......#<............##(......#
#.##.##.#.......#.#######[#.....
#.......#.......#.# #.#.##.#
#.##..............# #.# # #
#.#####.########### #.. #.......#
... ######### .##.


You could see an adder.

Vanquished Creatures
  3 leopard geckos
  An orc (D:2)
  A giant cockroach (D:2)
  A goblin (D:1)
  3 bats
  2 frilled lizards (D:1)
  A kobold (D:2)
  4 rats
16 creatures vanquished.

Notes
Turn   | Place    | Note
-------+----------+-------------------------------------------
     0 | D:1      | Kohma the Demonspawn Venom Mage began the quest for the Orb.
     0 | D:1      | Reached XP level 1. HP: 13/13 MP: 3/3
   642 | D:1      | Gained mutation: You are immune to rotting. [demonic ancestry]
   642 | D:1      | Reached XP level 2. HP: 19/19 MP: 5/5
  1340 | D:2      | Succumbed to an adder's poison

Action                   || total
-------------------------++-------
Melee: Unarmed           ||    14
       Dagger            ||     6
       Whip              ||    21
 Cast: Sting             ||    17
 Stab: Sleeping          ||     1
  Eat: Ration            ||     1
Armor: Robe              ||     6
Dodge: Dodged            ||    37
